 Dungeon Crawl Stone Soup version 0.31-a0-983-g7b6862f502 (webtiles) character file.

Game seed: 4528954574800091661

1989 lunkers the Grappler (level 8, 0/58 HPs)
             Began as a Demigod Shapeshifter on Nov 2, 2023.
             Slain by a gnoll
             ... wielding a +0 club
             ... led by a gnoll bouda
              (4 damage)
             ... on level 7 of the Dungeon.
             The game lasted 00:06:25 (5439 turns).

lunkers the Grappler (Demigod Shapeshifter)         Turns: 5439, Time: 00:06:26

Health: 0/58       AC:  8    Str: 19    XL:     8   Next: 70%
Magic:  10/10      EV:  8    Int: 12    God:
Gold:   346        SH:  0    Dex: 17    Spells: 7/7 levels left

rFire   . .          .
                       - Unarmed
rCold   . . .        (no shield)
rNeg    . . .        i - +0 chain mail
rPois   .            (helmet currently unavailable)
rElec   .            (cloak currently unavailable)
rCorr   +            (gloves currently unavailable)
SInv    .            (boots currently unavailable)
Will    +....        (no amulet) Stlth
                     e - ring of resist corrosion
HPRegen 0.29/turn    k - ring of willpower
MPRegen 0.12/turn

%: no passive effects
@: beast-form
A: beast (slay +3), high MP 1, forlorn, divine attributes
a: Begin Untransformation


You were on level 7 of the Dungeon.
You were a hulking beast.
You visited 1 branch of the dungeon, and saw 7 of its levels.

You collected 346 gold pieces.

Inventory:

Armour
 a - a +0 animal skin
 i - a +0 chain mail (worn)
 s - a +0 pair of gloves
 A - an orb of energy
Jewellery
 e - a ring of resist corrosion (left hand)
 k - a ring of willpower (right hand)
 n - a ring of fire
 x - a ring of ice
Talismans
 c - a beast talisman
 d - a flux talisman
Wands
 y - a wand of light (9)
 z - a wand of polymorph (6)
Scrolls
 g - 2 scrolls of identify
 j - a scroll of silence
 l - 3 scrolls of enchant weapon {unknown}
 m - a scroll of amnesia {unknown}
 p - 5 scrolls of teleportation {unknown}
 q - a scroll of noise {unknown}
 r - a scroll of butterflies {unknown}
 t - a scroll of torment {unknown}
 u - a scroll of revelation {unknown}
 v - a scroll of poison {unknown}
Potions
 b - 2 potions of curing
 f - a potion of resistance
 h - a potion of might
 o - 2 potions of invisibility
 w - a potion of mutation


   Skills:
 - Level 0.8 Fighting
 - Level 1.7 Dodging
 * Level 9.2 Unarmed Combat
 + Level 6.3 Shapeshifting


You had 7 spell levels left.
You didn't know any spells.
Your spell library contained the following spells:

 Spells                   Type           Power      Damage    Failure   Level
 Ensorcelled Hibernation  Hex/Ice        0%         N/A       99%         2
 Lesser Beckoning         Tloc           0%         N/A       99%         2
 Passwall                 Tmut/Erth      0%         N/A       99%         2
 Gell's Gravitas          Tloc           0%         N/A       100%        3
 Swiftness                Air            0%         N/A       100%        3
 Teleport Other           Tloc           0%         N/A       100%        3
 Dispersal                Tloc           0%         N/A       100%        6


Dungeon Overview and Level Annotations

Branches:
Dungeon (7/15)             Temple (0/1) D:5


Innate Abilities, Weirdness & Mutations

You are a hulking beast.
Your limbs bulge with bestial killing power. (Slay +3)
You have an increased reservoir of magic. (+10% MP)
You shall have no god before yourself.
Your divine heritage dramatically boosts your attributes as you level up.


Message History

The gnoll bouda is severely wounded.
The gnoll bouda barely misses you.
A gnoll comes into view. It is wielding a +0 flail.
Unknown command.
You barely miss the gnoll bouda.
The gnoll bouda is severely wounded.
The gnoll shouts!
The gnoll hits you from afar with a +0 heavy halberd!
* * * LOW HITPOINT WARNING * * *
The gnoll bouda barks out a call to the hunt!
The gnoll picks up the pace!
You punch the gnoll bouda!
You kill the gnoll bouda!
The gnoll hits you but does no damage.
Unknown command.
Found a book of Power.
A gnoll comes into view. It is wielding a +0 whip.
Things that are here:
a +0 whip; a +0 robe Unknown command.
You hit the gnoll.
The gnoll is moderately wounded.
The gnoll barely misses you.
Unknown command.
You hit the gnoll. You punch the gnoll.
The gnoll is almost dead.
Unknown command.
You closely miss the gnoll.
The gnoll is almost dead.
The gnoll hits you with a +0 heavy halberd!
* * * LOW HITPOINT WARNING * * *
You hit the gnoll.
You kill the gnoll!
Unknown command.
Found a scroll labelled RUBEMU LO LAM.
The gnoll barely misses you.
You see here a +0 heavy halberd.
You hit the gnoll.
The gnoll is moderately wounded.
The gnoll hits you with a +0 club.
You die... . # #.# ... .? ##.## ##.# ... :..# ..# #..# ### ##..# .gg

. #g#############
. #h#...........#
. #.)..#...#).#.#
. #...###.###.#.#
#. #.#).#...#..#.#
#.
#.#...._....#.###.
#.#..#...#........
#.#.###.###.####..
#.... ...#..# #..
###.........# #..


You could see 3 gnolls.

Vanquished Creatures
  Jeremiah (D:7)
  Grinder (D:5)
  Prince Ribbit (D:5)
  Sigmund (D:4)
  A sky beast (D:7)
  An ice beast (D:7)
  2 ogres (D:5)
  3 phantoms
  A bullfrog (D:6)
  A kobold brigand (D:6)
  A scorpion (D:5)
  A hound (D:7)
  A jelly (D:7)
  2 gnoll boudas
  A sleepcap (D:7)
  An iguana (D:6)
  An orc wizard (D:5)
  6 gnolls
  4 adders
  A white imp (D:5)
  A dart slug (D:1)
  19 orcs
  5 bats
  5 endoplasms
  4 giant cockroaches
  7 goblins
  10 hobgoblins
  A jackal (D:3)
  27 kobolds
  2 quokkas
  10 ball pythons
  3 frilled lizards
  2 rats (D:3)
128 creatures vanquished.

Notes
Turn   | Place    | Note
-------+----------+-------------------------------------------
     0 | D:1      | lunkers the Demigod Shapeshifter began the quest for the
                  | Orb.
     0 | D:1      | Reached XP level 1. HP: 15/15 MP: 3/3
    82 | D:1      | Reached skill level 3 in Unarmed Combat
   108 | D:1      | Reached XP level 2. HP: 22/22 MP: 4/4
   747 | D:2      | Reached XP level 3. HP: 25/27 MP: 5/5
  1704 | D:3      | Found Xilapn's Antique Weapon Boutique.
  1902 | D:3      | Reached skill level 4 in Unarmed Combat
  2137 | D:3      | Reached XP level 4. HP: 32/34 MP: 6/6
  2453 | D:4      | Noticed a phantom
  2471 | D:4      | Killed a phantom
  2472 | D:4      | Reached XP level 5. HP: 27/39 MP: 7/7
  2545 | D:4      | Identified the +5 mace "Dengeokh" {distort, Stlth+}
  2836 | D:4      | Noticed Sigmund
  2843 | D:4      | Killed Sigmund
  2844 | D:4      | Reached skill level 5 in Unarmed Combat
  2844 | D:4      | Reached XP level 6. HP: 29/46 MP: 8/8
  3033 | D:5      | Entered Level 5 of the Dungeon
  3124 | D:5      | Found a staircase to the Ecumenical Temple.
  3130 | D:5      | Noticed Grinder
  3145 | D:5      | Killed Grinder
  3146 | D:5      | Reached skill level 6 in Unarmed Combat
  3198 | D:5      | Reached XP level 7. HP: 26/51 MP: 9/9
  3531 | D:5      | Noticed Prince Ribbit
  3542 | D:5      | Killed Prince Ribbit
  3543 | D:5      | Reached skill level 7 in Unarmed Combat
  3543 | D:5      | Reached skill level 5 in Shapeshifting
  4154 | D:6      | Reached XP level 8. HP: 34/58 MP: 10/10
  4624 | D:6      | Reached skill level 8 in Unarmed Combat
  5276 | D:7      | Noticed Jeremiah
  5288 | D:7      | Killed Jeremiah
  5289 | D:7      | Reached skill level 9 in Unarmed Combat
  5439 | D:7      | Slain by a gnoll

Illustrated notes

Levels and vault maps discovered:
D:1:      dpeg_arrival_tiny_b, layout_loops_ring
D:2:      layout_loops_corners
D:3:      minmay_chambers_of_threes, layout_basic, serial_shops, shop,
          small_statue_intersection, dreamdust_princess_corridor
D:4:      layout_rooms, uniq_sigmund
D:5:      layout_gridville, minmay_temple_entry_antechambers,
          uniq_prince_ribbit1, uniq_grinder
D:6:      kennysheep_kobold_camp, layout_cave_pods,
          grunt_dithmenos_smoke_and_mirrors
D:7:      layout_loops_ring, vehumet_crystals, serial_shops, shop, uniq_duvessa,
          uniq_maggie, uniq_jeremiah

Skill      XL: |  1  2  3  4  5  6  7  8 |
---------------+-------------------------+-----
Unarmed Combat | 3 4 5 6 7 9 |  9.2
Shapeshifting  | 3 4 5 6 |  6.3
Fighting       | |  0.8
Dodging        | |  1.7

Action                     |  1- 3 |  4- 6 |  7- 9 || total
---------------------------+-------+-------+-------++-------
  Melee: Unarmed           |   152 |    66 |   214 ||   432
         Punch             |     3 |     3 |     9 ||    15
    Use: Potion            |       |     1 |     1 ||     2
         Scroll            |       |       |     7 ||     7
   Stab: Sleeping          |     1 |       |       ||     1
 Armour: Animal skin       |    18 |       |       ||    18
         Chain mail        |   108 |    32 |   164 ||   304
         Skin              |       |     8 |       ||     8
  Dodge: Dodged            |    60 |    12 |    72 ||   144

Table legend: (Time is in decaauts)
 A = Elapsed time spent in this place.
 B = Non-inter-level travel time spent in this place.
 C = Inter-level travel time spent in this place.
 D = Time resting spent in this place.
 E = Time spent auto-exploring this place.
 F = Levels seen in this place.
 G = Mean time per level.
                   A        B        C        D        E       F      G
               +--------+--------+--------+--------+--------+-----+--------+
         Total |   5388 |   5336 |     52 |     24 |   4407 |   7 |  769.7 |
       Dungeon |   5388 |   5336 |     52 |     24 |   4407 |   7 |  769.7 |
               +--------+--------+--------+--------+--------+-----+--------+

Top non-repeatable levels by time:
     D:5: 1019 daAuts
     D:2: 1016 daAuts
     D:6: 833 daAuts
     D:4: 751 daAuts
     D:1: 679 daAuts
     D:3: 568 daAuts
     D:7: 519 daAuts
